| TOP OF THE 1ST |
|
New York Mets batting - Pitching for Milwaukee Brewers : RHP Timóteo Metzener
|
|
Pitching: RHP Timóteo Metzener
|
|
|
Batting: LHB Kevin Bellman
|
0-0: Ball 1-0: Ball 2-0: Called Strike 2-1: Foul Ball, location: 2F 2-2: Foul Ball, location: 2F 2-2: Ball 3-2: Base on Balls
|
|
Batting: LHB Chris Ringwood
|
0-0: SINGLE (Flyball, 6D, EV 88.8 MPH) Kevin Bellman to second
|
|
Batting: SHB Sean Cook
|
0-0: DOUBLE (Line Drive, 9LM, EV 110.0 MPH) Kevin Bellman scores Chris Ringwood to third
|
|
Batting: RHB Jeff Jank
|
0-0: Swinging Strike 0-1: Fly out, F4 (Flyball, 34D, EV 91.9 MPH)
|
|
Batting: SHB Nelle van den Berg
|
0-0: Swinging Strike 0-1: Foul Ball, location: 2F 0-2: Ball 1-2: Foul Ball, location: 2F 1-2: Ball 2-2: Strikes out swinging
|
|
Batting: RHB Drtian Thaqi
|
0-0: Swinging Strike 0-1: Foul Ball, location: 2F 0-2: Ball 1-2: Ground out 5-3 (Groundball, 56, EV 93.1 MPH)
|
| Top of the 1st over - 1 run, 2 hits, 0 errors, 2 left on base; New York 1 - Milwaukee 0 |
| BOTTOM OF THE 1ST |
|
Milwaukee Brewers batting - Pitching for New York Mets : RHP Billy McIntyre
|
|
Pitching: RHP Billy McIntyre
|
|
|
Batting: RHB Joel Haycock
|
0-0: Ball 1-0: Ball 2-0: Ball 3-0: Called Strike 3-1: SINGLE (Groundball, 34D, EV 106.2 MPH)
|
|
Batting: RHB Akitada Nishizawa
|
0-0: Foul Ball, location: 2F 0-1: Ball 1-1: Called Strike 1-2: Ball 2-2: Foul Ball, location: 2F 2-2: Strikes out swinging
|
|
Batting: LHB Eric Klasek
|
0-0: Ball 1-0: DOUBLE (Groundball, 3L, EV 101.2 MPH) Joel Haycock to third
|
|
Batting: RHB Dave Gonzalez
|
0-0: Ball 1-0: Ball 2-0: Foul Ball, location: 2F 2-1: Ball 3-1: Base on Balls
|
|
Batting: SHB Junzo Kato
|
0-0: Foul Ball, location: 2F 0-1: DOUBLE (Line Drive, 9LS, EV 103.8 MPH) Joel Haycock scores Eric Klasek scores Dave Gonzalez to third
|
|
Batting: LHB Jason Peck
|
0-0: Swinging Strike 0-1: Foul Ball, location: 2F 0-2: Ball 1-2: Ball 2-2: Strikes out swinging
|
|
Batting: RHB Daniel Donovan
|
0-0: Fly out, F9 (Flyball, 9S, EV 76.9 MPH)
|
| Bottom of the 1st over - 2 runs, 3 hits, 0 errors, 2 left on base; New York 1 - Milwaukee 2 |
| TOP OF THE 2ND |
|
New York Mets batting - Pitching for Milwaukee Brewers : RHP Timóteo Metzener
|
|
Batting: SHB Billy Encinias
|
0-0: Foul Ball, location: 2F 0-1: Called Strike 0-2: Ground out U3 (Groundball, 34, EV 100.0 MPH)
|
|
Batting: RHB Josh Jones
|
0-0: Ball 1-0: Ball 2-0: Ball 3-0: Called Strike 3-1: Foul Ball, location: 2F 3-2: Base on Balls
|
|
Batting: RHB Finn Ross
|
0-0: Foul Ball, location: 2F 0-1: DOUBLE (Line Drive, 78D, EV 111.2 MPH) Josh Jones to third
|
|
Batting: LHB Kevin Bellman
|
0-0: Ball 1-0: Ball 2-0: Called Strike 2-1: Ground out 6-3 (Groundball, 56D, EV 101.2 MPH) Josh Jones scores
|
|
Batting: LHB Chris Ringwood
|
0-0: Ball 1-0: TRIPLE (Flyball, 89XD, EV 101.9 MPH) Finn Ross scores
|
|
Batting: SHB Sean Cook
|
0-0: Called Strike 0-1: Swinging Strike 0-2: Ball 1-2: Ball 2-2: Ball 3-2: Fly out, F8 (Line Drive, 8LD, EV 95.6 MPH)
|
| Top of the 2nd over - 2 runs, 2 hits, 0 errors, 1 left on base; New York 3 - Milwaukee 2 |
| BOTTOM OF THE 2ND |
|
Milwaukee Brewers batting - Pitching for New York Mets : RHP Billy McIntyre
|
|
Batting: RHB Kisho Ito
|
0-0: Fly out, F7 (Flyball, 78S, EV 82.5 MPH)
|
|
Batting: RHB Ben Campbell
|
0-0: Called Strike 0-1: Ball 1-1: Called Strike 1-2: SINGLE (Groundball, 56D, EV 107.5 MPH)
|
|
Batting: RHB Joel Haycock
|
0-0: Ball 1-0: Called Strike 1-1: SINGLE (Groundball, 6MD, EV 99.4 MPH) Ben Campbell to second
|
|
Batting: RHB Akitada Nishizawa
|
0-0: Ball 1-0: Ball 2-0: Grounds into double play, 5-4-3 (Groundball, 56, EV 83.8 MPH)
|
| Bottom of the 2nd over - 0 runs, 2 hits, 0 errors, 1 left on base; New York 3 - Milwaukee 2 |
| TOP OF THE 3RD |
|
New York Mets batting - Pitching for Milwaukee Brewers : RHP Timóteo Metzener
|
|
Batting: RHB Jeff Jank
|
0-0: Ball 1-0: Foul Ball, location: 2F 1-1: Ground out 5-3 (Groundball, 56, EV 82.5 MPH)
|
|
Batting: SHB Nelle van den Berg
|
0-0: Ball 1-0: SOLO HOME RUN (Line Drive, 78XD, EV 100.0 MPH), Distance : 395 ft
|
|
Batting: RHB Drtian Thaqi
|
0-0: Ball 1-0: Called Strike 1-1: Ball 2-1: Called Strike 2-2: SOLO HOME RUN (Flyball, 7LD, EV 94.4 MPH), Distance : 366 ft
|
|
Pitching: LHP Danny Lawson
|
|
|
Batting: SHB Billy Encinias
|
0-0: Swinging Strike 0-1: Foul Ball, location: 2F 0-2: Ball 1-2: Ball 2-2: Foul Ball, location: 2F 2-2: Foul Ball, location: 2F 2-2: Foul Ball, location: 2F 2-2: Strikes out looking and he ARGUES THE CALL AND IS TOSSED!
|
|
Batting: RHB Josh Jones
|
0-0: Foul Ball, location: 2F 0-1: Ground out 4-3 (Groundball, 4, EV 81.9 MPH)
|
| Top of the 3rd over - 2 runs, 2 hits, 0 errors, 0 left on base; New York 5 - Milwaukee 2 |
| BOTTOM OF THE 3RD |
|
Milwaukee Brewers batting - Pitching for New York Mets : RHP Billy McIntyre
|
|
Now at C: Fabiano Perrolas
|
|
|
Batting: LHB Eric Klasek
|
0-0: Called Strike 0-1: Called Strike 0-2: Ball 1-2: Strikes out looking
|
|
Batting: RHB Dave Gonzalez
|
0-0: Ball 1-0: Swinging Strike 1-1: Fly out, F7 (Flyball, 7LM, EV 85.0 MPH)
|
|
Batting: SHB Junzo Kato
|
0-0: Foul Ball, location: 2F 0-1: Ball 1-1: Ground out 6-3 (Groundball, 6, EV 86.2 MPH)
|
| Bottom of the 3rd over - 0 runs, 0 hits, 0 errors, 0 left on base; New York 5 - Milwaukee 2 |
| TOP OF THE 4TH |
|
New York Mets batting - Pitching for Milwaukee Brewers : LHP Danny Lawson
|
|
Batting: RHB Finn Ross
|
0-0: Called Strike 0-1: Called Strike 0-2: Ball 1-2: Ground out 1-3 (Groundball, 13S, EV 73.1 MPH)
|
|
Batting: LHB Kevin Bellman
|
0-0: Foul Ball, location: 2F 0-1: Fly out, F9 (Flyball, 89M, EV 92.5 MPH)
|
|
Batting: LHB Chris Ringwood
|
0-0: Ball 1-0: Called Strike 1-1: Foul Ball, location: 2F 1-2: Strikes out looking
|
| Top of the 4th over - 0 runs, 0 hits, 0 errors, 0 left on base; New York 5 - Milwaukee 2 |
| BOTTOM OF THE 4TH |
|
Milwaukee Brewers batting - Pitching for New York Mets : RHP Billy McIntyre
|
|
Batting: LHB Jason Peck
|
0-0: Called Strike 0-1: Ground out 5-3 (Groundball, 6, EV 85.0 MPH)
|
|
Batting: RHB Daniel Donovan
|
0-0: Ball 1-0: Ball 2-0: Ground out 6-3 (Groundball, 6M, EV 105.0 MPH)
|
|
Batting: RHB Kisho Ito
|
0-0: Swinging Strike 0-1: Ball 1-1: Ball 2-1: Ball 3-1: Base on Balls
|
|
Batting: RHB Ben Campbell
|
0-0: Ball 1-0: Swinging Strike 1-1: DOUBLE (Line Drive, 7LS, EV 110.0 MPH) Kisho Ito to third
|
|
Batting: RHB Joel Haycock
|
0-0: Foul Ball, location: 2F 0-1: Called Strike 0-2: Ball 1-2: Foul Ball, location: 2F 1-2: Foul Ball, location: 2F 1-2: Ball 2-2: SINGLE (Flyball, 3D, EV 88.8 MPH) Kisho Ito scores Ben Campbell to third
|
|
Batting: RHB Akitada Nishizawa
|
0-0: Ball 1-0: Ball 2-0: Ball 3-0: Called Strike 3-1: Foul Ball, location: 2F 3-2: Base on Balls Joel Haycock to second
|
|
Batting: LHB Eric Klasek
|
0-0: Ball 1-0: Called Strike 1-1: Swinging Strike 1-2: Ground out 4-3 (Groundball, 4, EV 103.8 MPH)
|
| Bottom of the 4th over - 1 run, 2 hits, 0 errors, 3 left on base; New York 5 - Milwaukee 3 |
| TOP OF THE 5TH |
|
New York Mets batting - Pitching for Milwaukee Brewers : LHP Danny Lawson
|
|
Batting: SHB Sean Cook
|
0-0: Called Strike 0-1: Ball 1-1: Ball 2-1: Called Strike 2-2: Ball 3-2: Foul Ball, location: 2F 3-2: SINGLE (Line Drive, 89S, EV 96.2 MPH)
|
|
Batting: RHB Jeff Jank
|
0-0: Ball 1-0: Called Strike 1-1: DOUBLE (Line Drive, 89XD, EV 101.9 MPH) Sean Cook to third
|
|
Batting: SHB Nelle van den Berg
|
0-0: Foul Ball, location: 2F 0-1: Fly out, F7 (Flyball, 7S, EV 82.5 MPH)
|
|
Batting: RHB Drtian Thaqi
|
0-0: Foul Ball, location: 2F 0-1: Ball 1-1: Ball 2-1: Ball 3-1: Base on Balls
|
|
Batting: LHB Fabiano Perrolas
|
0-0: Ball 1-0: Called Strike 1-1: Fly out, F8 (Line Drive, 8RM, EV 97.5 MPH)
|
|
Batting: RHB Josh Jones
|
0-0: Foul Ball, location: 2F 0-1: Ground out 4-3 (Groundball, 4, EV 85.6 MPH)
|
| Top of the 5th over - 0 runs, 2 hits, 0 errors, 3 left on base; New York 5 - Milwaukee 3 |
| BOTTOM OF THE 5TH |
|
Milwaukee Brewers batting - Pitching for New York Mets : RHP Billy McIntyre
|
|
Batting: RHB Dave Gonzalez
|
0-0: Foul Ball, location: 2F 0-1: Called Strike 0-2: Ball 1-2: Strikes out looking
|
|
Batting: SHB Junzo Kato
|
0-0: Foul Ball, location: 2F 0-1: Called Strike 0-2: Ball 1-2: Ground out 6-3 (Groundball, 6, EV 85.0 MPH)
|
|
Batting: LHB Jason Peck
|
0-0: Foul Ball, location: 2F 0-1: Called Strike 0-2: Ball 1-2: Fly out, F7 (Flyball, 7S, EV 88.8 MPH)
|
| Bottom of the 5th over - 0 runs, 0 hits, 0 errors, 0 left on base; New York 5 - Milwaukee 3 |
| TOP OF THE 6TH |
|
New York Mets batting - Pitching for Milwaukee Brewers : LHP Danny Lawson
|
|
Batting: RHB Finn Ross
|
0-0: Ball 1-0: Ball 2-0: Foul Ball, location: 2F 2-1: Foul Ball, location: 2F 2-2: Ball 3-2: Ground out 5-3 (Groundball, 5, EV 94.4 MPH)
|
|
Batting: LHB Kevin Bellman
|
0-0: Ball 1-0: Ground out U3 (Groundball, 34S, EV 90.0 MPH)
|
|
Batting: LHB Chris Ringwood
|
0-0: Ball 1-0: Ball 2-0: Called Strike 2-1: Fly out, F6 (Popup, 6M, EV 72.5 MPH)
|
| Top of the 6th over - 0 runs, 0 hits, 0 errors, 0 left on base; New York 5 - Milwaukee 3 |
| BOTTOM OF THE 6TH |
|
Milwaukee Brewers batting - Pitching for New York Mets : RHP Billy McIntyre
|
|
Batting: RHB Daniel Donovan
|
0-0: SINGLE (Groundball, 6MD, EV 99.4 MPH)
|
|
Batting: RHB Kisho Ito
|
0-0: Ball 1-0: Ball 2-0: Grounds into double play, 4-6-3 (Groundball, 4M, EV 76.2 MPH)
|
|
Batting: RHB Ben Campbell
|
0-0: Ball 1-0: Ball 2-0: Ball 3-0: Base on Balls
|
|
Batting: RHB Joel Haycock
|
0-0: Ball 1-0: DOUBLE (Line Drive, 9LM, EV 99.4 MPH) Ben Campbell to third
|
|
Pitching: LHP Ryan Price
|
|
|
Batting: RHB Akitada Nishizawa
|
0-0: Called Strike 0-1: Swinging Strike 0-2: Ball 1-2: Strikes out looking
|
| Bottom of the 6th over - 0 runs, 2 hits, 0 errors, 2 left on base; New York 5 - Milwaukee 3 |
| TOP OF THE 7TH |
|
New York Mets batting - Pitching for Milwaukee Brewers : LHP Danny Lawson
|
|
Pitching: RHP Jeff Urry
|
|
|
Batting: SHB Sean Cook
|
0-0: Ball 1-0: Foul Ball, location: 2F 1-1: Foul Ball, location: 2F 1-2: Ball 2-2: Ground out 5-3 (Groundball, 56, EV 102.5 MPH)
|
|
Batting: RHB Jeff Jank
|
0-0: Ball 1-0: Called Strike 1-1: Called Strike 1-2: Strikes out swinging
|
|
Batting: SHB Nelle van den Berg
|
0-0: Swinging Strike 0-1: Ball 1-1: Ball 2-1: Ball 3-1: Base on Balls
|
|
Batting: RHB Drtian Thaqi
|
0-0: Ball 1-0: Ground out 5-3 (Groundball, 5S, EV 65.6 MPH)
|
| Top of the 7th over - 0 runs, 0 hits, 0 errors, 1 left on base; New York 5 - Milwaukee 3 |
| BOTTOM OF THE 7TH |
|
Milwaukee Brewers batting - Pitching for New York Mets : LHP Ryan Price
|
|
Batting: LHB Eric Klasek
|
0-0: Swinging Strike 0-1: Foul Ball, location: 2F 0-2: Foul Ball, location: 2F 0-2: Strikes out looking
|
|
Batting: RHB Dave Gonzalez
|
0-0: Called Strike 0-1: Ball 1-1: Swinging Strike 1-2: Foul Ball, location: 2F 1-2: Foul Ball, location: 2F 1-2: Strikes out swinging
|
|
Batting: SHB Junzo Kato
|
0-0: Ball 1-0: Foul Ball, location: 2F 1-1: Fly out, F8 (Line Drive, 8RD, EV 86.2 MPH)
|
| Bottom of the 7th over - 0 runs, 0 hits, 0 errors, 0 left on base; New York 5 - Milwaukee 3 |
| TOP OF THE 8TH |
|
New York Mets batting - Pitching for Milwaukee Brewers : RHP Jeff Urry
|
|
Pitching: RHP John Owens
|
|
|
Batting: LHB Fabiano Perrolas
|
0-0: Called Strike 0-1: Ground out U3 (Groundball, 34, EV 85.0 MPH)
|
|
Batting: RHB Josh Jones
|
0-0: Called Strike 0-1: Swinging Strike 0-2: Ball 1-2: Ball 2-2: Ball 3-2: Foul Ball, location: 2F 3-2: Foul Ball, location: 2F 3-2: Foul Ball, location: 2F 3-2: Base on Balls
|
|
Batting: RHB Finn Ross
|
0-0: Called Strike 0-1: Foul Ball, location: 2F 0-2: Strikes out looking
|
|
Batting: LHB Kevin Bellman
|
0-0: Swinging Strike 0-1: Ball Josh Jones steals 2nd base 1-1: Swinging Strike 1-2: Strikes out looking
|
| Top of the 8th over - 0 runs, 0 hits, 0 errors, 1 left on base; New York 5 - Milwaukee 3 |
| BOTTOM OF THE 8TH |
|
Milwaukee Brewers batting - Pitching for New York Mets : LHP Ryan Price
|
|
Batting: LHB Jason Peck
|
0-0: Called Strike 0-1: Ground out 6-3 (Groundball, 6, EV 105.0 MPH)
|
|
Batting: RHB Daniel Donovan
|
0-0: Ball 1-0: Ball 2-0: Ball 3-0: Base on Balls
|
|
Batting: RHB Kisho Ito
|
0-0: Foul Ball, location: 2F 0-1: Ball 1-1: Ball 2-1: DOUBLE (Line Drive, 7LM, EV 95.0 MPH) Daniel Donovan to third Runner from 3rd tries for Home, SAFE, throw by LF to trailing runner, SAFE at third!
|
|
Batting: RHB Ben Campbell
|
0-0: Ball 1-0: Called Strike 1-1: Ground out U3 (Groundball, 34S, EV 81.2 MPH)
|
|
Batting: RHB Joel Haycock
|
0-0: Ball 1-0: Ball 2-0: Ball 3-0: Called Strike 3-1: Foul Ball, location: 2F 3-2: Foul Ball, location: 2F 3-2: Base on Balls
|
|
Batting: RHB Akitada Nishizawa
|
0-0: Ball 1-0: Fielders Choice at 2nd, 5-4 (Groundball, 5, EV 86.9 MPH)
|
| Bottom of the 8th over - 1 run, 1 hit, 0 errors, 2 left on base; New York 5 - Milwaukee 4 |
| TOP OF THE 9TH |
|
New York Mets batting - Pitching for Milwaukee Brewers : RHP John Owens
|
|
Batting: LHB Chris Ringwood
|
0-0: Called Strike 0-1: Foul Ball, location: 2F 0-2: Ball 1-2: Ball 2-2: Strikes out looking
|
|
Batting: SHB Sean Cook
|
0-0: Ball 1-0: Ball 2-0: Called Strike 2-1: Ball 3-1: Called Strike 3-2: SINGLE (Groundball, 6M, EV 108.1 MPH) (infield hit)
|
|
Batting: RHB Jeff Jank
|
0-0: Ball 1-0: SINGLE (Groundball, 34, EV 103.8 MPH) Sean Cook to second Runner from 2nd tries for 3rd, SAFE, throw by RF made to third Jeff Jank to second
|
|
Batting: SHB Nelle van den Berg
|
0-0: Intentional Walk
|
|
Batting: RHB Drtian Thaqi
|
0-0: Ball 1-0: Ball 2-0: Foul Ball, location: 2F 2-1: Called Strike 2-2: Strikes out swinging
|
|
Batting: LHB Fabiano Perrolas
|
0-0: Ball 1-0: Ball 2-0: Ball 3-0: Called Strike 3-1: Foul Ball, location: 2F 3-2: Foul Ball, location: 2F 3-2: Base on Balls Sean Cook scores Jeff Jank to third Nelle van den Berg to second
|
|
Pitching: LHP Nick Martin
|
|
|
Batting: RHB Josh Jones
|
0-0: TRIPLE (Flyball, 8RXD, EV 88.1 MPH) Jeff Jank scores Nelle van den Berg scores Fabiano Perrolas scores
|
|
Batting: RHB Finn Ross
|
0-0: Called Strike 0-1: Fly out, F8 (Flyball, 8LS, EV 89.4 MPH)
|
| Top of the 9th over - 4 runs, 3 hits, 0 errors, 1 left on base; New York 9 - Milwaukee 4 |
| BOTTOM OF THE 9TH |
|
Milwaukee Brewers batting - Pitching for New York Mets : LHP Ryan Price
|
|
Now in LF: Finn Ross
|
|
|
Now in CF: Antonio Aranda
|
|
|
Batting: LHB Eric Klasek
|
0-0: Called Strike 0-1: Fly out, F7 (Flyball, 78M, EV 80.0 MPH)
|
|
Batting: RHB Dave Gonzalez
|
0-0: Foul Ball, location: 2F 0-1: Called Strike 0-2: Strikes out swinging
|
|
Batting: SHB Junzo Kato
|
0-0: Called Strike 0-1: Ball 1-1: Ball 2-1: SINGLE (Groundball, 4MD, EV 100.6 MPH)
|
|
Pitching: RHP Ben Dicks
|
|
|
Batting: LHB Jason Peck
|
0-0: Swinging Strike 0-1: Ball 1-1: Called Strike 1-2: Strikes out swinging
|
| Bottom of the 9th over - 0 runs, 1 hit, 0 errors, 1 left on base; New York 9 - Milwaukee 4 |
|